 Dungeon Crawl Stone Soup version 0.21-a0-528-gf531e82c92 (webtiles) character file.

213 Cheet4h the Skirmisher (level 5, -3/47 HPs)
             Began as a Draconian Fighter on Dec 8, 2017.
             Slain by an orc
             ... wielding a +1 war axe of electrocution
              (6 damage)
             ... on level 3 of the Dungeon.
             The game lasted 00:04:56 (2418 turns).

Cheet4h the Skirmisher (Draconian Fighter)          Turns: 2418, Time: 00:04:57

Health: -3/47      AC:  8    Str: 19    XL:     5   Next: 59%
Magic:  5/5        EV: 11    Int:  8    God:
Gold:   138        SH: 10    Dex: 11    Spells: 4/4 levels left

rFire    . . .     SeeInvis .   a - +0 long sword
rCold    . . .     Gourm    .   b - +1 shield
rNeg     . . .     Faith    .   (armour unavailable)
rPois    .         Spirit   .   (helmet restricted)
rElec    .         Reflect  .   k - +2 cloak
rCorr    .         Harm     .   (no gloves)
MR       .....                  (no boots)
Stlth    +.........             (no amulet)
HPRegen  0.15/turn              i - ring of wizardry
MPRegen  0.09/turn              (no ring)

@: no status effects
A: unfitting armour, cold-blooded, AC +5
a: no special abilities


You were on level 3 of the Dungeon.
You were not hungry.

You visited 1 branch of the dungeon, and saw 3 of its levels.

You collected 138 gold pieces.

Inventory:

Hand Weapons
 a - a +0 long sword (weapon)
 n - a +0 short sword of venom
Armour
 b - a +1 shield (worn)
 k - a +2 cloak (worn)
Jewellery
 i - a ring of wizardry (left hand)
Wands
 q - a wand of digging (6)
Scrolls
 g - a scroll of magic mapping {unknown}
Potions
 c - 2 potions of might
 e - 4 potions of curing
 f - 2 potions of lignification
 m - a potion of heal wounds
 o - a potion of agility {unknown}
Comestibles
 d - a bread ration
 j - a meat ration
 l - 4 fruits


   Skills:
 * Level 4.6 Fighting
 * Level 3.4 Long Blades
 * Level 3.7 Dodging
 + Level 3.7 Shields


You had 4 spell levels left.
You didn't know any spells.

Dungeon Overview and Level Annotations

Branches:
Dungeon (3/15)

Altars:

Annotations:
D:3 Cheet4h's ghost, amateur DrFi


Innate Abilities, Weirdness & Mutations

Your plain brown scales are hard. (AC +5)
You cannot fit into any form of body armour.
You are cold-blooded and may be slowed by cold attacks.


Message History

You feel sick.
You are no longer poisoned.
The orc hits you with a war axe of electrocution.
The orc priest begins to cast a cantrip, but forgets the words!
Evoke which item? (* to show all) (? for menu, Esc to quit)
Okay, then.
You hit the orc.
The orc is severely wounded.
You block the orc's attack.
You closely miss the orc.
The orc is severely wounded.
The orc closely misses you.
The orc wizard mumbles some strange words.
The orc wizard seems to speed up.
Your shield prevents you from hitting the orc.
The orc is severely wounded.
The orc hits you but does no damage.
You are electrocuted!
* * * LOW HITPOINT WARNING * * *
The orc hits you with a war axe of electrocution.
You die...

.....#..#####.####..>.
.....#..#####.......#
.....#........####..####
........#####.##........
####.#### #.##.#..# #
#...# #.......# # #...#
####.#[..... # #...#
#.####### # #...# #@#
#...# #o# #########
#...# #h####...!...#
#...# Wog..........# ..o
...S.....# ....#
........# .....
#.......# ......
#...%...# #.<.....#


You could see an orc priest, an orc wizard, Cheet4h's ghost, an orc, a jackal
and a hobgoblin.

Vanquished Creatures
  Natasha (thrice) (D:2)
  6 adders
  An ooze (D:2)
  An adder skeleton (D:3)
  4 worms (D:2)
  A leopard gecko (D:1)
  2 giant cockroaches
  9 goblins
  7 hobgoblins
  7 jackals
  A quokka (D:2)
  A ball python (D:2)
  5 bats
  4 frilled lizards
  11 kobolds
  9 rats
72 creatures vanquished.

Notes
Turn   | Place    | Note
-------+----------+-------------------------------------------
     0 | D:1      | Cheet4h the Draconian Fighter began the quest for the Orb.
     0 | D:1      | Reached XP level 1. HP: 19/19 MP: 1/1
    53 | D:1      | Reached XP level 2. HP: 25/26 MP: 2/2
   625 | D:1      | Reached XP level 3. HP: 31/33 MP: 3/3
  1331 | D:2      | Reached skill level 4 in Fighting
  1333 | D:2      | Reached XP level 4. HP: 30/40 MP: 4/4
  1674 | D:2      | Noticed Natasha
  1680 | D:2      | Killed Natasha
  1691 | D:2      | Reached XP level 5. HP: 35/47 MP: 5/5
  2021 | D:2      | Noticed Natasha
  2029 | D:2      | Killed Natasha
  2129 | D:2      | Noticed Natasha
  2135 | D:2      | Killed Natasha
  2412 | D:3      | Noticed Cheet4h's ghost (amateur DrFi)
  2418 | D:3      | Slain by an orc

Vault maps used:
D:1:      erik_arrival_triangle_medium
D:2:      minmay_misc_feat_ornament, dk_noncrumbling_3,
          corexii_leaking_fountain, st_stairs_7, minmay_stone_trees_small,
          grunt_ministairs_8, lemuel_another_geyser, uniq_natasha
D:3:      first_bread, solitary_fountain

Skill      XL: |  1  2  3  4 |
---------------+-------------+-----
Dodging        | 3 |  3.7
Fighting       | 4 |  4.6
Long Blades    | 3 |  3.4
Shields        | |  3.7

Action                   |  1- 3 |  4- 6 || total
-------------------------+-------+-------++-------
Melee: Long sword        |   112 |   105 ||   217
       Tailslap          |     7 |    18 ||    25
  Use: Scroll            |     6 |     3 ||     9
 Stab: Sleeping          |     1 |       ||     1
  Eat: Chunk             |     2 |     3 ||     5
Armor: Skin              |    27 |    30 ||    57
Dodge: Dodged            |    43 |    47 ||    90
Block: Shield            |    68 |    45 ||   113
       Rpst.: Long sword |    15 |    12 ||    27

Table legend:
 A = Spawn XP
 B = Non-spawn XP
 C = Spawn XP percentage of total XP
 D = Spawn monster count
 E = Non-spawn monster count
 F = Spawn count percentage of total count
 G = Total turns spent on level
                    A         B        C        D         E        F      G
               +---------+---------+-------+---------+---------+-------+---------
         Total |       0 |     305 |   0.0 |       0 |      72 |   0.0 |  2418
               +---------+---------+-------+---------+---------+-------+---------
           D:1 |       0 |      45 |   0.0 |       0 |      28 |   0.0 |   981
           D:2 |       0 |     229 |   0.0 |       0 |      34 |   0.0 |  1284
           D:3 |       0 |      31 |   0.0 |       0 |      10 |   0.0 |   153
               +---------+---------+-------+---------+---------+-------+---------
